[Event "Titled Tuesday Blitz September 28 2021"]
[White "Ozates, Tuna"]
[Black "Mgeladze, Tamaz"]
[WhiteFideId "6354521"]
[BlackFideId "13601202"]
[WhiteElo "1872"]
[BlackElo "2258"]
[Result "1/2-1/2"]
[Round "05"]
[TimeControl "180+1"]
[Date "2021.09.28"]
[WhiteClock "0:00:06"]
[BlackClock "0:00:21"]

1. d4 Nf6 2. Bg5 g6 3. Bxf6 exf6 4. e3 d5 5. g3 h5 6. h4 c6 7. Bg2 Bd6 8. Nd2 Nd7 9. c4 dxc4 10. Nxc4 Bb4+ 11. Kf1 O-O 12. a3 Ba5 13. Nxa5 Qxa5 14. Ne2 f5 15. Nf4 Nf6 16. Bf3 Re8 17. Kg2 Be6 18. b4 Qc7 19. Rc1 a6 20. a4 Rad8 21. b5 axb5 22. axb5 Bd5 23. bxc6 bxc6 24. Nxd5 Nxd5 25. Qc2 Re6 26. Qc5 Red6 27. Ra1 Kg7 28. Ra7 Qb8 29. Rha1 Qb2 30. Kg1 R8d7 31. Ra8 Rd8 32. R8a2 Qc3 33. Rc1 Qxc5 34. Rxc5 Ne7 35. Ra7 Kf6 36. Rc7 R8d7 37. Rxd7 Rxd7 38. Bxc6 Rc7 39. Bf3 Rxc5 40. dxc5 Ke5 41. Kf1 Nd5 42. Ke2 Nb4 43. Kd2 Na6 44. c6 Kd6 45. Kc3 f6 46. Kc4 Nc7 47. Kb4 Ne6 48. Kb5 Kc7 49. Bd5 Ng7 50. Bf7 g5 51. Kc5 f4 52. exf4 gxh4 53. gxh4 Nf5 54. Bxh5 Nxh4 55. Kd5 Ng2 56. Ke4 Kxc6 57. Bf3 Nh4 58. Bg4 Kd6 59. f5 Ng2 60. Bh3 Ne1 61. Kd4 Nc2+ 62. Kc3 Ne1 63. Bf1 Nf3 64. Kd3 Ke5 65. Ke3 Ng5 66. f4+ Kxf5 67. Bd3+ Kg4 68. fxg5 Kxg5 69. Kf2 f5 70. Bf1 f4 71. Bg2 f3 72. Bxf3 1/2-1/2


[Site "https://www.chess.com"]

[Event "Titled Tuesday Blitz September 28 2021"]
[White "Pakleza, Zbigniew"]
[Black "Rogac, Srdjan"]
[WhiteFideId "1119290"]
[BlackFideId "920576"]
[WhiteElo "2526"]
[BlackElo "2389"]
[Result "1/2-1/2"]
[Round "05"]
[TimeControl "180+1"]
[Date "2021.09.28"]
[WhiteClock "0:00:07"]
[BlackClock "0:01:12"]

1. Nf3 Nf6 2. c4 e6 3. g3 b6 4. Bg2 Bb7 5. O-O Be7 6. Nc3 O-O 7. d4 Ne4 8. Nxe4 Bxe4 9. Bf4 d6 10. Rc1 Nd7 11. Qd2 f5 12. Rfd1 Qe8 13. b4 a5 14. c5 axb4 15. cxd6 cxd6 16. Qxb4 Rxa2 17. Bxd6 Bxd6 18. Qxd6 Rxe2 19. Rc7 Nf6 20. Re7 Qc8 21. Ng5 Bxg2 22. Kxg2 Qc2 23. Rf1 Ng4 24. Kg1 Nxf2 25. Rxf2 Qc1+ 26. Kg2 Rxf2+ 27. Kxf2 Qxg5 28. Qxe6+ Kh8 29. Qf7 Qd2+ 30. Kf1 Qd3+ 31. Kg2 Qd2+ 32. Kg1 Qd1+ 33. Kg2 Qd2+ 34. Kf1 Qd1+ 35. Kg2 Qd2+ 1/2-1/2


[Site "https://www.chess.com"]

[Event "Titled Tuesday Blitz September 28 2021"]
[White "Perera Alfonso, Rene Humberto"]
[Black "Sethuraman, S.P."]
[WhiteFideId "3514722"]
[BlackFideId "5021596"]
[WhiteElo "2313"]
[BlackElo "2477"]
[Result "0-1"]
[Round "05"]
[TimeControl "180+1"]
[Date "2021.09.28"]
[WhiteClock "0:00:08"]
[BlackClock "0:00:26"]

1. e4 e6 2. d4 d5 3. Nc3 Nf6 4. e5 Nfd7 5. f4 c5 6. Nf3 Nc6 7. Be3 a6 8. Qd2 Be7 9. g3 b5 10. Nd1 cxd4 11. Nxd4 Bb7 12. Bg2 Nxd4 13. Bxd4 Nb8 14. O-O Nc6 15. Bf2 O-O 16. c3 b4 17. Ne3 a5 18. Nc2 Rc8 19. Rfe1 Ba6 20. Rad1 bxc3 21. bxc3 Qc7 22. Nd4 Nxd4 23. Bxd4 Bc5 24. f5 exf5 25. Bxd5 Rfd8 26. Bb3 Qc6 27. e6 Bb7 28. exf7+ Kh8 29. Qe2 Qh1+ 30. Kf2 Qxh2+ 31. Kf1 Qh3+ 32. Kf2 Qg2+ 33. Ke3 Bxd4+ 34. Kf4 g5+ 35. Kxf5 Rc5+ 36. Ke6 Qc6+ 37. Ke7 Qf6# 0-1


[Site "https://www.chess.com"]

[Event "Titled Tuesday Blitz September 28 2021"]
[White "Perez Ponsa, Federico"]
[Black "Ghimpu, Samuel-Timotei"]
[WhiteFideId "117927"]
[BlackFideId "1238175"]
[WhiteElo "2672"]
[BlackElo "2012"]
[Result "1-0"]
[Round "05"]
[TimeControl "180+1"]
[Date "2021.09.28"]
[WhiteClock "0:01:24"]
[BlackClock "0:00:32"]

1. d4 Nf6 2. Nf3 g6 3. g3 Bg7 4. Bg2 O-O 5. O-O d5 6. Nbd2 Nc6 7. c3 Qd6 8. Re1 e5 9. e4 dxe4 10. Nxe5 Nxe5 11. dxe5 Qxe5 12. Nxe4 Nxe4 13. Rxe4 Qf6 14. Bf4 Bf5 15. Rb4 Rad8 16. Qa4 b6 17. Bxc7 Rd2 18. Bf4 Re2 19. Bf1 Re7 20. Rd1 Rfe8 21. Rbd4 g5 22. Be3 h5 23. Rd6 Be6 24. Bg2 h4 25. Rd8 Rxd8 26. Rxd8+ Kh7 27. gxh4 gxh4 28. Be4+ 1-0


[Site "https://www.chess.com"]

[Event "Titled Tuesday Blitz September 28 2021"]
[White "Petriashvili, Nikoloz"]
[Black "Shtembuliak, Evgeny"]
[WhiteFideId "13611216"]
[BlackFideId "14113325"]
[WhiteElo "2430"]
[BlackElo "2504"]
[Result "0-1"]
[Round "05"]
[TimeControl "180+1"]
[Date "2021.09.28"]
[WhiteClock "0:00:06"]
[BlackClock "0:00:21"]

1. e4 e5 2. Nf3 Nc6 3. Bc4 Nf6 4. d3 Be7 5. Nc3 d6 6. h3 Na5 7. Bb3 c6 8. Be3 h6 9. Qd2 Nxb3 10. axb3 Be6 11. d4 Qc7 12. O-O O-O 13. Rfd1 b6 14. b4 Rfd8 15. Qd3 a5 16. bxa5 Rxa5 17. Rxa5 bxa5 18. b3 Bc8 19. Qe2 d5 20. dxe5 Nxe4 21. Nxe4 dxe4 22. Rxd8+ Bxd8 23. Nd2 Qxe5 24. Qc4 Qd5 25. Qxe4 Bf5 26. Qe8+ Kh7 27. c4 Qd7 28. Qxd7 Bxd7 29. Ne4 Bf5 30. Nc5 Bc2 31. Nb7 Bc7 32. Nc5 Bb6 33. Nb7 Bc7 34. Nc5 g5 35. f3 Bd6 36. Nb7 Bb4 37. Bb6 Bxb3 38. Bxa5 Be7 39. c5 Kg6 40. Bc7 Bd5 41. Kf2 f5 42. Bd6 Bf6 43. f4 g4 44. Kg3 h5 45. h4 Bc3 46. Kh2 Kf6 47. g3 Ke6 48. Kg1 Be4 49. Kf2 Bd4+ 50. Ke2 Bf3+ 51. Kf1 Kd5 52. Bf8 Bd1 53. Nd8 Bb3 54. Nf7 Ke4 55. Nd6+ Kf3 56. Nxf5 Bf2 57. Nd4+ Bxd4 58. Ke1 Bc3+ 59. Kf1 Bc4+ 60. Kg1 Kxg3 61. f5 Bd4+ 62. Kh1 Bd5# 0-1


[Site "https://www.chess.com"]

[Event "Titled Tuesday Blitz September 28 2021"]
[White "Pichot, Alan"]
[Black "Parkhov, Yair"]
[WhiteFideId "110973"]
[BlackFideId "2813408"]
[WhiteElo "2600"]
[BlackElo "2131"]
[Result "1-0"]
[Round "05"]
[TimeControl "180+1"]
[Date "2021.09.28"]
[WhiteClock "0:00:05"]
[BlackClock "0:00:07"]

1. e4 e6 2. d4 d5 3. Nc3 Nf6 4. e5 Nfd7 5. Nce2 c5 6. c3 Nc6 7. Nf3 Qa5 8. Bf4 Be7 9. h4 h6 10. h5 b6 11. a3 c4 12. Rh3 Qb5 13. Qc2 Na5 14. Rg3 Bf8 15. Nc1 Qc6 16. Be2 Nb8 17. Be3 Bd7 18. Nd2 Qa4 19. Qb1 Nbc6 20. f4 Ne7 21. Bf2 O-O-O 22. Rh3 f6 23. g4 fxe5 24. fxe5 Nec6 25. Bd1 Qb5 26. a4 Qa6 27. Ne2 Be7 28. Nf4 Bg5 29. Ng6 Rhe8 30. Nf3 Nb3 31. Ra3 Be7 32. Ra2 Kb8 33. Bc2 Nca5 34. Kf1 Bc6 35. Kg1 Qb7 36. Qd1 Rd7 37. Bg3 Ka8 38. Kg2 Bd8 39. Rh1 Rf7 40. Rf1 Qd7 41. Nh2 Rxf1 42. Nxf1 Bxa4 43. Ne3 Bc6 44. Qf3 b5 45. Kh2 Bb6 46. Qf4 Nb7 47. g5 hxg5 48. Qxg5 a5 49. Nf4 a4 50. Bg6 Rf8 51. Qg4 Nd8 52. Bh4 Nc1 53. Ra1 Nd3 54. Nxd3 cxd3 55. Bxd3 Kb7 56. Rf1 Rxf1 57. Nxf1 Qf7 58. Ne3 Qf8 59. Kg2 a3 60. bxa3 Bd7 61. Nc2 Qf7 62. Nb4 Qf8 63. Qf3 Qg8 64. Bg6 Nc6 65. Qe2 Na5 66. Qf3 Nc4 67. Be7 Nxa3 68. Qf8 Qxf8 69. Bxf8 Nc4 70. Bxg7 Ne3+ 71. Kf3 Nd1 72. h6 Be8 73. Bxe8 Nxc3 74. h7 Bxd4 75. h8=Q Ne4 76. Bf6 Ng5+ 77. Bxg5 Bxe5 78. Qxe5 1-0


[Site "https://www.chess.com"]

[Event "Titled Tuesday Blitz September 28 2021"]
[White "Pires, Marcos Vinicius Torsani"]
[Black "Borsuk, Konstantin"]
[WhiteFideId "2118939"]
[BlackFideId "14113406"]
[WhiteElo "2273"]
[BlackElo "2414"]
[Result "0-1"]
[Round "05"]
[TimeControl "180+1"]
[Date "2021.09.28"]
[WhiteClock "0:00:12"]
[BlackClock "0:00:05"]

1. e4 e6 2. d4 d5 3. exd5 exd5 4. Bd3 Nc6 5. c3 Bd6 6. Qf3 Nf6 7. h3 Be6 8. Ne2 Qd7 9. Bf4 O-O-O 10. Nd2 Kb8 11. O-O-O Na5 12. Kb1 Qa4 13. Bc2 Qb5 14. Nc1 h6 15. Ncb3 Nc4 16. Nxc4 dxc4 17. Nd2 Ba3 18. b3 Bd6 19. Rhe1 Bxf4 20. Qxf4 Nd5 21. Qf3 Qa5 22. Kb2 cxb3 23. axb3 Rd6 24. Nc4 Qa6 25. Nxd6 Qxd6 26. Re5 Rd8 27. Rde1 a5 28. Bf5 Bxf5 29. Qxf5 a4 30. Qc2 a3+ 31. Ka2 Ka7 32. Re8 Rxe8 33. Rxe8 Qc6 34. Re2 Nxc3+ 35. Kxa3 Qa6+ 36. Kb2 Nxe2 37. Qc5+ b6 38. Qxc7+ Qb7 39. Qc4 Nf4 40. Qa4+ Kb8 41. Qe8+ Qc8 42. Qe5+ Qc7 43. Qe8+ Kb7 44. Qe4+ Ka7 45. g3 Ne6 46. d5 Nc5 47. Qd4 f6 48. d6 Qd7 49. Qd5 Nb7 50. Kc3 Nxd6 51. Kb2 Kb8 52. g4 Qc7 53. f4 Nb7 54. Qg8+ Ka7 55. Qd5 Nc5 56. Qc4 Kb7 57. Qd5+ Ka7 58. Qc4 Na6 59. Qd5 Qxf4 60. Qd7+ Qc7 61. Qd3 Qe5+ 62. Ka3 Qa1# 0-1


[Site "https://www.chess.com"]

[Event "Titled Tuesday Blitz September 28 2021"]
[White "Pridorozhni, Aleksei"]
[Black "Korchmar, Vasiliy"]
[WhiteFideId "4127870"]
[BlackFideId "24131750"]
[WhiteElo "2565"]
[BlackElo "2370"]
[Result "1-0"]
[Round "05"]
[TimeControl "180+1"]
[Date "2021.09.28"]
[WhiteClock "0:00:37"]
[BlackClock "0:00:05"]

1. e4 c5 2. Nc3 e6 3. Nf3 a6 4. g4 b5 5. d3 Bb7 6. Bg2 Nc6 7. O-O Nge7 8. a4 b4 9. Ne2 d5 10. Ng3 Ng6 11. Nh5 Qc7 12. exd5 exd5 13. Re1+ Nce7 14. d4 c4 15. Ne5 f6 16. Nf3 O-O-O 17. a5 Nc6 18. Bd2 Bd6 19. h3 Rhe8 20. c3 b3 21. Qb1 Kb8 22. Rxe8 Rxe8 23. Qf5 Nce7 24. Qe6 Rg8 25. Qf7 Bc8 26. Nxf6 gxf6 27. Qxf6 h5 28. g5 Rf8 29. Qg7 Bxh3 30. Bxh3 Rxf3 31. Bg2 Rd3 32. Be3 Bf4 33. Rf1 h4 34. Qf7 Ka7 35. Re1 Qd6 36. Bxf4 Qxf4 37. Rxe7+ 1-0


[Site "https://www.chess.com"]

[Event "Titled Tuesday Blitz September 28 2021"]
[White "Quintiliano Pinto, Renato R."]
[Black "Rodchenkov, Vitaly"]
[WhiteFideId "2117568"]
[BlackFideId "4152964"]
[WhiteElo "2439"]
[BlackElo "2337"]
[Result "1-0"]
[Round "05"]
[TimeControl "180+1"]
[Date "2021.09.28"]
[WhiteClock "0:00:18"]
[BlackClock "0:00:39"]

1. Nf3 Nf6 2. c4 d5 3. cxd5 Nxd5 4. e4 Nb6 5. d4 Bg4 6. Be2 e6 7. O-O Be7 8. h3 Bh5 9. Be3 O-O 10. Nc3 Nc6 11. b3 a5 12. Qd2 a4 13. Rfd1 axb3 14. axb3 Bb4 15. Rxa8 Qxa8 16. Qc2 Qa5 17. Nb5 Nd7 18. d5 exd5 19. exd5 Bg6 20. Qc1 Nce5 21. Nxe5 Nxe5 22. Qxc7 Qxc7 23. Nxc7 Rd8 24. Nb5 Bc2 25. Rc1 Be4 26. f4 Nd3 27. Rc4 Bxd5 28. Rd4 Nc1 29. Bxc1 Bc5 30. Kf1 Bxd4 31. Nxd4 Bxg2+ 32. Kxg2 Rxd4 33. Kf2 Rb4 34. Bc4 b5 35. Bd2 bxc4 36. Bxb4 cxb3 37. Bc3 f5 38. Ke3 Kf7 39. Kd3 h6 40. Kc4 g5 41. Kxb3 gxf4 42. Kc4 Kg6 43. Kd3 Kg5 44. Be1 f3 45. Ke3 f2 46. Bxf2 f4+ 47. Kf3 Kf5 48. Be1 Kg5 49. Ba5 Kh4 50. Kg2 f3+ 51. Kh2 f2 52. Bd8+ Kh5 53. Kg2 1-0


[Site "https://www.chess.com"]

[Event "Titled Tuesday Blitz September 28 2021"]
[White "Sadhwani, Raunak"]
[Black "Viani Antonio Dcunha"]
[WhiteFideId "35093487"]
[BlackFideId "5027330"]
[WhiteElo "2517"]
[BlackElo "2366"]
[Result "1-0"]
[Round "05"]
[TimeControl "180+1"]
[Date "2021.09.28"]
[WhiteClock "0:01:49"]
[BlackClock "0:00:10"]

1. d4 Nf6 2. Nf3 g6 3. Nc3 d5 4. Bf4 Bg7 5. Nb5 Na6 6. e3 O-O 7. h3 Ne4 8. c3 c6 9. Na3 Nc7 10. Bd3 f5 11. O-O Ne8 12. Be5 N8f6 13. c4 Be6 14. cxd5 Bxd5 15. Bc4 e6 16. Qb3 b5 17. Bxd5 Qxd5 18. Rfc1 Rfc8 19. Qxd5 Nxd5 20. Bxg7 Kxg7 21. Ne5 Nb4 22. Nc2 Nd5 23. a4 b4 24. Nd3 a5 25. Nce1 Rc7 26. Nc5 Nxc5 27. Rxc5 Nb6 28. Nd3 Nd7 29. Rc2 Kf6 30. Rac1 Rac8 31. b3 e5 32. dxe5+ Nxe5 33. Nxe5 Kxe5 34. Rc5+ Kd6 35. Rxa5 c5 36. Rb5 Rc6 37. Kf1 Ke5 38. Ke2 f4 39. exf4+ Kxf4 40. Rc4+ Kf5 41. Rcxb4 Re6+ 42. Kf3 Re5 43. Rc4 Rd8 44. g4+ Kf6 45. Rcxc5 Rd3+ 46. Kg2 Rxc5 47. Rxc5 Rxb3 48. a5 Ra3 49. f3 g5 50. Rf5+ Kg6 51. Kg3 h5 52. h4 gxh4+ 53. Kxh4 hxg4 54. Kxg4 Ra4+ 55. f4 Ra1 56. Rb5 Rg1+ 57. Kf3 Rf1+ 58. Ke4 Re1+ 59. Kd5 Kf5 60. a6 Ra1 61. Kc6+ Kxf4 62. Kb6 Ke4 63. a7 1-0


[Site "https://www.chess.com"]

[Event "Titled Tuesday Blitz September 28 2021"]
[White "Samadov, Read"]
[Black "Oparin, Grigoriy"]
[WhiteFideId "13417444"]
[BlackFideId "24125890"]
[WhiteElo "2084"]
[BlackElo "2604"]
[Result "0-1"]
[Round "05"]
[TimeControl "180+1"]
[Date "2021.09.28"]
[WhiteClock "0:00:01"]
[BlackClock "0:01:02"]

1. d4 Nf6 2. c4 e6 3. Nf3 Bb4+ 4. Nbd2 O-O 5. a3 Be7 6. e4 d5 7. Qc2 dxe4 8. Nxe4 Nxe4 9. Qxe4 Nc6 10. Bd2 f5 11. Qe3 f4 12. Qd3 e5 13. dxe5 Bf5 14. Qd5+ Kh8 15. Qxd8 Raxd8 16. Be2 g5 17. h3 Kg7 18. Bc3 Kg6 19. O-O h5 20. Rfd1 g4 21. hxg4 hxg4 22. Nd4 Nxd4 23. Rxd4 Rxd4 24. Bxd4 b6 25. Rd1 Be6 26. Bc3 Kg5 27. g3 f3 28. Bf1 Bf5 29. e6 Rd8 30. Rxd8 Bxd8 31. c5 Bxe6 32. cxb6 axb6 33. Bb5 Kf5 34. Bd3+ Kg5 35. Kf1 c5 36. Ke1 Bc7 37. Kd2 Bd6 38. Ke3 Bd5 39. Be4 Bc4 40. Bd3 Bxd3 41. Kxd3 Kf5 42. a4 Bc7 43. b3 Bd6 44. Bd2 Be5 45. Be3 Bf6 46. Bf4 Bd8 47. Be3 Ke5 48. Bf4+ Kd5 49. Be3 Bc7 50. Bd2 Bd6 51. Be3 Be5 52. Bd2 Bd4 53. Be3 Bb2 54. Bd2 Ba3 55. Be3 Bb4 56. Bc1 Ba5 57. Be3 Be1 58. Kc2 Ke4 59. Kd1 Bc3 60. Kc2 Be5 61. Kd2 Bd6 62. Bg5 Bc7 63. Be3 Be5 64. a5 bxa5 65. Bxc5 Bc7 66. Be3 Bd6 67. Bb6 Bb4+ 68. Kc2 Be1 69. Kd1 Bc3 70. Kc2 Bb4 71. Be3 Be7 72. Bb6 Bd6 73. Kd2 Be5 74. Kc2 Bb8 75. Bxa5 Bxg3 76. Be1 Bd6 77. Kd1 Kd3 78. b4 Bc7 79. b5 Bb6 80. Kc1 Ke2 0-1


[Site "https://www.chess.com"]

[Event "Titled Tuesday Blitz September 28 2021"]
[White "Samsonkin, Artiom"]
[Black "Potapova, Margarita"]
[WhiteFideId "13503111"]
[BlackFideId "14126869"]
[WhiteElo "2513"]
[BlackElo "2214"]
[Result "0-1"]
[Round "05"]
[TimeControl "180+1"]
[Date "2021.09.28"]
[WhiteClock "0:00:06"]
[BlackClock "0:00:10"]

1. e4 c5 2. Nf3 d6 3. d4 cxd4 4. Qxd4 Nc6 5. Qe3 g6 6. c4 Bg7 7. Be2 Nf6 8. O-O O-O 9. Nc3 Nd7 10. Rd1 Nc5 11. Rb1 a5 12. b3 Bg4 13. Bb2 Bxf3 14. Bxf3 Ne6 15. Nd5 Bxb2 16. Rxb2 Nc5 17. Rbd2 e5 18. g3 Ne6 19. Bg2 Ned4 20. h4 Nb4 21. Nc3 Qf6 22. h5 g5 23. a3 Nbc6 24. Nd5 Qh6 25. b4 axb4 26. axb4 Kh8 27. b5 Nd8 28. Rxd4 exd4 29. Qxd4+ Qg7 30. Qb6 Ra1 31. Rxa1 Qxa1+ 32. Kh2 Qg7 33. Qxd6 Ne6 34. c5 Rd8 35. Qe7 Qf8 36. Qf6+ Qg7 37. Qe7 Qf8 38. Qxb7 Nxc5 39. Qc7 Ne6 40. Qe5+ Qg7 41. Qf5 Nd4 42. Qg4 Nxb5 43. Ne3 Nd6 44. Qe2 Qe5 45. Ng4 Qd4 46. e5 Nf5 47. e6 fxe6 48. Qxe6 Ng7 49. Qe7 Qd6 50. Qxg5 Rg8 51. Nf6 Rf8 52. Ne4 Qd4 53. h6 Nf5 54. Qe7 Nxe7 55. f4 Nf5 56. g4 Ne3 57. g5 Nxg2 58. Ng3 Nxf4 0-1


[Site "https://www.chess.com"]

[Event "Titled Tuesday Blitz September 28 2021"]
[White "Savchenko, Boris"]
[Black "Herrera Reyes, Jose Antonio"]
[WhiteFideId "4147332"]
[BlackFideId "2274914"]
[WhiteElo "2543"]
[BlackElo "2361"]
[Result "1-0"]
[Round "05"]
[TimeControl "180+1"]
[Date "2021.09.28"]
[WhiteClock "0:00:11"]
[BlackClock "0:00:28"]

1. e4 c5 2. Nf3 e5 3. Nxe5 d6 4. Nf3 Nf6 5. b4 cxb4 6. a3 bxa3 7. Nc3 Be7 8. Bxa3 O-O 9. Bc4 Nc6 10. O-O Bg4 11. Be2 Re8 12. h3 Bh5 13. Rb1 Qa5 14. Qc1 Bxf3 15. Bxf3 Nd4 16. Bd1 b5 17. Bb2 Nc6 18. Nxb5 Nxe4 19. Bf3 d5 20. c4 Nb4 21. Bxe4 dxe4 22. Bc3 a6 23. Nd4 Qa4 24. Ra1 Qd7 25. Qb1 Nd3 26. Qb6 Rac8 27. Qxa6 Bc5 28. Qb5 Qd6 29. Ra6 Qf4 30. Rc6 Bxd4 31. Bxd4 Qxd2 32. Be3 Qc2 33. Rc7 Rf8 34. Qd7 Rcd8 35. Qe7 Nc1 36. Rxc1 Rd1+ 37. Rxd1 Qxd1+ 38. Kh2 Qd3 39. c5 Qc3 40. c6 f5 41. Qe6+ Kh8 42. Qd6 Rg8 43. Bf4 Qc2 44. Be5 Qxf2 45. Bxg7+ 1-0


[Site "https://www.chess.com"]

[Event "Titled Tuesday Blitz September 28 2021"]
[White "Sevian, Samuel"]
[Black "Perez Gormaz, Matias"]
[WhiteFideId "2040506"]
[BlackFideId "3406342"]
[WhiteElo "2899"]
[BlackElo "2352"]
[Result "1-0"]
[Round "05"]
[TimeControl "180+1"]
[Date "2021.09.28"]
[WhiteClock "0:03:00"]
[BlackClock "0:02:44"]

1. c4 e6 2. Nc3 d5 3. d4 a6 4. cxd5 exd5 5. Qb3 Bd6 6. Qxd5 Nf6 7. Qg5 O-O 8. Nf3 Re8 9. e3 h6 10. Qh4 c5 11. Be2 Nc6 12. O-O Bg4 13. h3 g5 14. Qxh6 1-0


[Site "https://www.chess.com"]

[Event "Titled Tuesday Blitz September 28 2021"]
[White "Sjugirov, Sanan"]
[Black "Seo, Jung Min"]
[WhiteFideId "4189302"]
[BlackFideId "1734687"]
[WhiteElo "2654"]
[BlackElo "2486"]
[Result "1-0"]
[Round "05"]
[TimeControl "180+1"]
[Date "2021.09.28"]
[WhiteClock "0:00:03"]
[BlackClock "0:00:01"]

1. e4 c5 2. Nf3 Nc6 3. Bb5 g6 4. Bxc6 dxc6 5. d3 Bg7 6. h3 Nf6 7. a4 a5 8. Be3 Nd7 9. Qc1 e5 10. Bh6 O-O 11. O-O Qe7 12. Bxg7 Kxg7 13. Nc3 b6 14. Nh2 Re8 15. f4 exf4 16. Qxf4 Ne5 17. Rf2 Bd7 18. Raf1 Rf8 19. Qg3 Rae8 20. Nf3 Nxf3+ 21. Rxf3 Qe5 22. Qxe5+ Rxe5 23. Nd1 f6 24. Ne3 Be6 25. b3 h5 26. Kh2 Rf7 27. Nc4 Bxc4 28. bxc4 Re8 29. g4 hxg4 30. hxg4 Ree7 31. Kg3 g5 32. Rb1 Rb7 33. Rff1 Rfe7 34. Rh1 Re8 35. Kf3 Rh8 36. Rh5 Rbb8 37. Kg3 Rh6 38. e5 Rxh5 39. exf6+ Kxf6 40. gxh5 Kf5 41. Rf1+ Ke5 42. Kg4 Kd4 43. h6 Kc3 44. Rf6 Rc8 45. h7 Kxc2 46. Kxg5 Kxd3 47. Rxc6 Rh8 48. Kg6 Kxc4 49. Rxb6 Kd3 50. Rb5 c4 51. Rxa5 c3 52. Rc5 Ra8 53. a5 c2 54. Kg7 Ra7+ 55. Kh6 Ra8 56. Rc7 Kd2 57. Kg7 Ra7 58. Rxa7 c1=Q 59. Rd7+ Ke2 60. Re7+ Kf3 61. h8=Q Qc3+ 62. Kg8 Qc8+ 63. Kh7 Qf5+ 64. Kg7 Qg4+ 65. Kf7 Qc4+ 66. Re6 Qc7+ 67. Kg6 Qc2+ 68. Kh6 Qc1+ 69. Kg7 Qc7+ 70. Kg6 Qc2+ 71. Kf7 1-0


[Site "https://www.chess.com"]

[Event "Titled Tuesday Blitz September 28 2021"]
[White "Skatchkov, Valery"]
[Black "Titichoca Daza, Daniel"]
[WhiteFideId "24195812"]
[BlackFideId "3309550"]
[WhiteElo "2195"]
[BlackElo "1980"]
[Result "1-0"]
[Round "05"]
[TimeControl "180+1"]
[Date "2021.09.28"]
[WhiteClock "0:00:03"]
[BlackClock "0:01:04"]

1. d4 Nf6 2. c4 e6 3. Nf3 b6 4. a3 c5 5. d5 exd5 6. cxd5 Ba6 7. Nc3 g6 8. g3 Bg7 9. Bg2 O-O 10. O-O d6 11. Re1 Re8 12. Qc2 b5 13. b4 Nbd7 14. Bb2 Rc8 15. e4 Nb6 16. Qd3 Nc4 17. Bc1 Nd7 18. Bg5 Qc7 19. Rac1 Nxa3 20. bxc5 Nxc5 21. Qd1 Nc4 22. Nd4 Qb6 23. Rb1 b4 24. Na2 Na3 25. Rxb4 Qa5 26. Nc6 Rxc6 27. dxc6 Nd3 28. Ra4 Qb6 29. Rxa3 Nxe1 30. Qxe1 Qxc6 31. Nb4 Qc5 32. Be3 Qc4 33. Rxa6 Bc3 34. Qf1 Qxb4 35. Rxa7 Rb8 36. h3 Be5 37. Kh2 Qc3 38. Qd1 Rb2 39. Qd5 Qb3 40. Qxb3 Rxb3 41. Bh6 f6 42. f4 Bd4 43. Rg7+ Kf8 44. Rb7+ 1-0


[Site "https://www.chess.com"]

[Event "Titled Tuesday Blitz September 28 2021"]
[White "Smirnov, Pavel"]
[Black "Maltsevskaya, Aleksandra"]
[WhiteFideId "4123425"]
[BlackFideId "24174041"]
[WhiteElo "2563"]
[BlackElo "2239"]
[Result "0-1"]
[Round "05"]
[TimeControl "180+1"]
[Date "2021.09.28"]
[WhiteClock "0:00:03"]
[BlackClock "0:01:01"]

1. d4 Nf6 2. c4 b6 3. Nc3 Bb7 4. Qc2 d5 5. cxd5 Nxd5 6. Nf3 e6 7. e4 Nxc3 8. bxc3 Be7 9. Bd3 O-O 10. O-O c5 11. d5 Nd7 12. c4 Bf6 13. Rb1 Re8 14. g3 Ne5 15. Nxe5 Bxe5 16. f4 Bd4+ 17. Kh1 exd5 18. exd5 h6 19. Bb2 Rc8 20. Qg2 Re3 21. Rf3 Qe7 22. Bxd4 cxd4 23. Rd1 b5 24. Rxe3 Qxe3 25. Be4 bxc4 26. Qf3 c3 27. Qxe3 dxe3 28. Kg1 Re8 29. Bc2 e2 30. Re1 Bxd5 31. Kf2 Bc4 32. Rb1 Rd8 33. Ke1 g6 34. Rb4 Ba6 35. Re4 Rd2 36. Bb3 Rb2 0-1


[Site "https://www.chess.com"]

[Event "Titled Tuesday Blitz September 28 2021"]
[White "Sokolovsky, Yahli"]
[Black "Krivonosov, Oleg"]
[WhiteFideId "2820242"]
[BlackFideId "11600349"]
[WhiteElo "1770"]
[BlackElo "2469"]
[Result "1/2-1/2"]
[Round "05"]
[TimeControl "180+1"]
[Date "2021.09.28"]
[WhiteClock "0:00:04"]
[BlackClock "0:00:05"]

1. b3 b6 2. Bb2 Bb7 3. e3 e6 4. Nf3 Nf6 5. d4 c5 6. c4 cxd4 7. exd4 d5 8. Bd3 Be7 9. O-O O-O 10. Nc3 Nc6 11. Rc1 Rc8 12. h3 Nb4 13. Be2 Ba6 14. a3 Nc6 15. Ne5 dxc4 16. Bxc4 Bxc4 17. bxc4 Nxe5 18. dxe5 Nd7 19. Qe2 Nc5 20. Nb5 Qd3 21. Qg4 a6 22. Nd4 Qg6 23. Qf3 Rfd8 24. Rfd1 h6 25. Nc6 Rxd1+ 26. Rxd1 Bf8 27. Rd8 Rxd8 28. Nxd8 Qf5 29. Qxf5 exf5 30. Bd4 Nd7 31. a4 Bc5 32. Bc3 Kf8 33. Nb7 Ke7 34. a5 bxa5 35. Nxa5 Ke6 36. Nc6 g6 37. Kf1 f6 38. Nd8+ Ke7 39. Nc6+ Kf7 40. exf6 Nxf6 41. Ne5+ Ke6 42. Nxg6 Ne4 43. Nf4+ Kd6 44. Ba5 Nxf2 45. Ke2 Ne4 46. Nd3 Kc6 47. Be1 Bd6 48. Kf3 Nc5 49. Nb4+ Kb7 50. Nd5 Bc7 51. Ne3 a5 52. Nxf5 a4 53. Bb4 Nd3 54. Ba3 Kc6 55. Nd4+ Kd7 56. Ke3 Ne5 57. Nb5 Nxc4+ 58. Kd4 Nxa3 59. Nxa3 Bb6+ 60. Kc4 Ke6 61. Kb5 Bg1 62. Kxa4 Kf5 63. Nc4 Kf4 64. Nd6 Kg3 65. Nf5+ Kxg2 66. h4 Kh3 67. h5 Kg4 68. Nxh6+ Kxh5 1/2-1/2


[Site "https://www.chess.com"]

[Event "Titled Tuesday Blitz September 28 2021"]
[White "Solon, Nathan"]
[Black "Bok, Benjamin"]
[WhiteFideId "2017229"]
[BlackFideId "1017063"]
[WhiteElo "2675"]
[BlackElo "2658"]
[Result "1-0"]
[Round "05"]
[TimeControl "180+1"]
[Date "2021.09.28"]
[WhiteClock "0:00:33"]
[BlackClock "0:00:01"]

1. d4 Nf6 2. Bg5 d5 3. e3 c5 4. Bxf6 gxf6 5. dxc5 Nc6 6. Nf3 e5 7. c4 Be6 8. cxd5 Qxd5 9. Nc3 Qxc5 10. Be2 Rg8 11. O-O f5 12. Rc1 Qa5 13. Bb5 Rd8 14. Qe2 Bg7 15. e4 Kf8 16. Bxc6 bxc6 17. Ng5 Bh6 18. Nxe6+ fxe6 19. Rcd1 Kg7 20. Qf3 Rgf8 21. Qg3+ Kh8 22. Qh4 Bg7 23. Qe7 Qb6 24. b3 1-0


[Site "https://www.chess.com"]

[Event "Titled Tuesday Blitz September 28 2021"]
[White "Stoyanov, Tsvetan"]
[Black "Svane, Rasmus"]
[WhiteFideId "2917173"]
[BlackFideId "4657101"]
[WhiteElo "2191"]
[BlackElo "2643"]
[Result "0-1"]
[Round "05"]
[TimeControl "180+1"]
[Date "2021.09.28"]
[WhiteClock "0:00:07"]
[BlackClock "0:00:26"]

1. e4 c6 2. c4 d5 3. exd5 cxd5 4. cxd5 Nf6 5. Bb5+ Nbd7 6. Nf3 Nxd5 7. Nc3 Nc7 8. Ba4 e6 9. O-O Be7 10. d4 O-O 11. Bxd7 Bxd7 12. Ne5 Nb5 13. Be3 Rc8 14. Rc1 Nxc3 15. Rxc3 Bb5 16. Re1 Qd5 17. Qb3 f6 18. Qxd5 exd5 19. Nf3 Rxc3 20. bxc3 Rc8 21. Bd2 Ba3 22. Rb1 Ba6 23. Ne1 b6 24. Nc2 Bd6 25. Ne3 Bc4 26. a4 Rc7 27. Ra1 Kf7 28. a5 b5 29. a6 Rc6 30. f3 Ke6 31. Kf2 Bd3 32. g3 b4 33. cxb4 Rxa6 34. Rxa6 Bxa6 35. Bc3 f5 36. f4 Bd3 37. Ke1 a6 38. Kd2 Be4 39. Ke1 h6 40. h4 Kd7 41. Kd2 Kc6 42. Kc1 Kb5 43. Kb2 Bxb4 44. h5 a5 45. Bxb4 Kxb4 46. g4 fxg4 47. Nxg4 Kc4 48. Ne5+ Kxd4 49. Nc6+ Ke3 50. Nxa5 Kxf4 51. Nc6 Kg5 52. Kc3 Kxh5 53. Kd4 Kg5 54. Ne5 Kf4 0-1


[Site "https://www.chess.com"]

[Event "Titled Tuesday Blitz September 28 2021"]
[White "Suvorov, Alexander"]
[Black "Berezin, Viktor"]
[WhiteFideId "12977063"]
[BlackFideId "14107872"]
[WhiteElo "2221"]
[BlackElo "2310"]
[Result "1-0"]
[Round "05"]
[TimeControl "180+1"]
[Date "2021.09.28"]
[WhiteClock "0:01:20"]
[BlackClock "0:01:41"]

1. b3 e5 2. Bb2 d6 3. e3 g6 4. d4 Bg7 5. dxe5 dxe5 6. Qxd8+ Kxd8 7. Na3 Be6 8. Nc4 Nc6 9. O-O-O Ke8 10. Nf3 f6 11. h3 Nge7 12. g4 h6 13. Rg1 Kf7 14. h4 g5 15. Bd3 Bd5 16. e4 Be6 17. h5 Rhd8 18. Ne3 Nd4 19. Nxd4 exd4 20. Nf5 Nxf5 21. gxf5 Bc8 22. Bc4+ Kf8 23. Bxd4 Re8 24. Bc5+ Re7 25. Rd8# 1-0


[Site "https://www.chess.com"]